Map: Dusty Gorge

Players

Stormram

  • Race: Protoss Protoss
  • League: Diamond
  • Spawn Location: 5:00

TheNoOneNewb

  • Race: Protoss Protoss
  • League: Master
  • Spawn Location: 3:00

skunkz - Winner!

  • Race: Terran Terran
  • Spawn Location: 9:00

PureLegacy - Winner!

  • Race: Terran Terran
  • Spawn Location: 11:00

VOD

Have the link to the VOD?

Description

Time

  • Played on: Dec. 5, 2018, 8:58 p.m.
  • Length: 10:34
Show
View Real Time Build Order
Export as new Build Order

Stormram Protoss 

Build Orders:  

Get SALT Encoding   

  12  0:01  Probe  
  13  0:13  Probe  
  14  0:18  Pylon  
  14  0:25  Probe  
  15  0:35  Probe  
  15  0:40  Gateway  
  16  0:43  Probe  
  17  0:51  Probe  
  18  0:58  Assimilator  
  18  1:03  Probe  
  19  1:15  Probe  
  20  1:27  Probe  
  21  1:33  Cybernetics Core  
  21  1:36  Gateway  
  21  1:39  Probe  
  22  1:41  Assimilator  
  22  2:05  Probe  
  23  2:12  Pylon  
  23  2:21  Stalker x2  
  22  2:29  Nexus  
  26  2:37  Shield Battery  
  26  2:39  Probe  
  26  2:44  Warp Gate  
  27  3:15  Stalker, Probe  
  30  3:21  Pylon  
  30  3:29  Robotics Facility  
  30  3:30  Twilight Council  
  30  3:43  Probe x2  
  32  3:51  Probe x2  
  34  3:59  Assimilator  
  34  4:00  Probe x2  
  34  4:03  Assimilator  
  34  4:05  Pylon  
  36  4:11  Stalker  
  38  4:19  Stalker  
  38  4:20  Probe  
  38  4:22  Probe  
  42  4:28  Probe  
  42  4:31  Blink  
  42  4:34  Probe  
  42  4:36  Probe  
  45  4:46  Probe  
  45  4:48  Probe  
  45  4:51  Pylon  
  47  4:55  Templar Archives  
  47  5:01  Observer  
  48  5:07  Probe x2  
  48  5:13  Shield Battery  
  48  5:14  Immortal  
  50  5:21  Probe  
  50  5:22  Probe  
  56  5:30  Psionic Storm  
  56  5:33  Probe  
  56  5:34  Probe  
  58  5:50  Observer  
  59  6:01  Stalker  
  59  6:03  Stalker  
  63  6:04  Observer  
  64  6:19  Pylon  
  64  6:24  Immortal  
  64  6:25  High Templar  
  64  6:32  Pylon  
  70  6:40  Pylon  
  70  6:42  Probe x2  
  70  6:43  Gateway  
  70  6:44  Gateway  
  70  6:46  Gateway  
  72  6:48  Gateway  
  72  6:50  Gateway  
  72  6:53  Warp Prism  
  72  6:55  High Templar  
  72  6:58  High Templar  
  76  7:05  Probe x2  
  72  7:29  Immortal  
  72  7:31  Probe x2  
  74  7:37  Charge  
  74  7:43  Probe x2  
  76  7:44  High Templar x3  
  76  7:45  Zealot x2  
  76  7:46  Zealot  
  88  7:52  Nexus, Forge  
  88  7:53  Forge  
  88  7:54  Pylon x2  
  88  7:56  Pylon  
  88  7:57  Probe  
  88  7:58  Probe  
  90  8:15  Assimilator, High Templar x2  
  90  8:17  Zealot  
  90  8:18  Zealot  
  90  8:19  Zealot x2  
  102  8:21  Assimilator  
  88  8:46  Zealot  
  88  8:47  Zealot x5  
  88  8:48  Zealot  
  54  9:09  High Templar x3  
  55  9:18  Zealot x2  
  55  9:19  Zealot x2  
  59  9:43  High Templar x2  
  59  9:45  Zealot x5  
  72  10:18  Zealot x2  
  72  10:19  Zealot  
Show
View Real Time Build Order
Export as new Build Order

TheNoOneNewb Protoss 

Build Orders: Dark Templar Rush 

Get SALT Encoding   

  12  0:01  Probe  
  13  0:13  Probe  
  14  0:19  Pylon  
  14  0:27  Probe  
  15  0:39  Probe  
  16  0:44  Gateway  
  16  0:51  Probe  
  16  0:52  Assimilator  
  17  1:03  Probe  
  18  1:05  Assimilator  
  18  1:11  Gateway  
  18  1:23  Probe  
  19  1:31  Cybernetics Core  
  19  1:38  Probe  
  20  1:42  Pylon  
  20  1:51  Probe  
  21  2:08  Stalker x2  
  25  2:11  Warp Gate  
  25  2:14  Probe  
  25  2:27  Probe  
  25  2:55  Probe  
  26  3:04  Nexus  
  26  3:05  Pylon  
  25  3:16  Twilight Council, Probe  
  26  3:26  Probe  
  26  3:34  Probe  
  27  3:42  Probe  
  28  3:51  Robotics Facility  
  28  3:55  Dark Shrine  
  28  3:58  Probe  
  29  4:10  Probe  
  29  4:11  Gateway  
  29  4:12  Probe  
  31  4:18  Probe  
  31  4:20  Probe  
  32  4:25  Warp Prism  
  32  4:26  Probe  
  32  4:30  Probe  
  34  4:37  Probe  
  38  4:42  Probe  
  39  4:50  Assimilator x2  
  39  4:51  Probe  
  40  4:55  Observer  
  41  5:07  Dark Templar x2  
  41  5:08  Dark Templar  
  47  5:16  Probe x2  
  49  5:30  Probe  
  49  5:31  Pylon  
  49  5:33  Pylon  
  45  5:52  Dark Templar x3  
  45  6:21  Probe x2  
  45  6:25  Immortal  
  47  6:33  Probe x2  
  47  6:43  Robotics Bay  
  47  6:45  Probe x2  
  47  6:58  Stalker, Probe  
  47  6:59  Stalker  
  47  7:01  Sentry  
  38  7:29  Probe  
  38  7:34  Nexus  
  38  7:38  Robotics Bay  
  38  8:07  Robotics Facility  
  38  8:15  Colossus  
  40  8:46  Colossus  
  40  8:59  Disruptor  
  25  9:49  Probe  
  25  9:50  Nexus  
  26  9:57  Probe  
  27  10:07  Probe  
Show
View Real Time Build Order
Export as new Build Order

skunkz Terran - Winner!

Build Orders: Gas First Reaper Expand 

Get SALT Encoding   

  12  0:01  SCV  
  13  0:13  SCV  
  14  0:18  Supply Depot  
  14  0:25  SCV  
  15  0:29  Refinery  
  15  0:40  SCV  
  16  0:52  SCV  
  16  0:53  Barracks  
  17  1:04  SCV  
  18  1:16  SCV  
  19  1:40  Reaper, Orbital Command  
  20  1:53  Command Center  
  20  2:03  Supply Depot  
  20  2:10  SCV  
  20  2:12  Refinery  
  21  2:20  Barracks Reactor  
  21  2:22  SCV  
  22  2:35  SCV  
  23  2:37  Factory  
  23  2:42  Supply Depot  
  23  2:53  SCV  
  24  3:05  SCV  
  24  3:09  Marine x2  
  24  3:11  Orbital Command  
  25  3:17  SCV  
  26  3:21  Widow Mine  
  26  3:24  Bunker  
  28  3:27  Marine x2, Starport  
  28  3:33  SCV  
  31  3:37  SCV  
  32  3:45  SCV  
  33  3:49  SCV, Widow Mine  
  33  3:50  Marine x2  
  38  3:55  Supply Depot  
  38  3:57  SCV  
  38  4:01  SCV  
  40  4:06  Medivac  
  42  4:10  Widow Mine  
  42  4:14  Marine x2  
  46  4:20  SCV x2  
  48  4:25  Barracks  
  48  4:27  Supply Depot  
  48  4:32  Marine x2, SCV x2  
  48  4:34  Factory Tech Lab  
  52  4:44  SCV x2  
  54  4:52  Marine x2  
  56  4:55  Starport Reactor  
  56  4:56  SCV x2  
  58  5:04  Barracks  
  58  5:06  Factory Tech Lab  
  58  5:07  Engineering Bay  
  58  5:08  SCV x2  
  58  5:09  Supply Depot  
  58  5:12  Refinery  
  60  5:17  Barracks Tech Lab  
  60  5:20  SCV  
  60  5:21  SCV  
  62  5:32  SCV  
  62  5:33  SCV  
  62  5:45  SCV  
  62  5:48  Raven  
  65  5:53  Missile Turret, Terran Infantry Weapons Level 1  
  65  6:03  Missile Turret  
  65  6:04  Missile Turret, Marine x3  
  65  6:05  Marine  
  65  6:10  Stimpack  
  65  6:11  SCV x2  
  70  6:15  Command Center  
  58  6:40  SCV  
  59  6:50  Raven, Marine  
  59  6:51  Marine, Marauder  
  65  6:54  Siege Tank  
  65  6:55  Barracks  
  65  6:56  SCV x2  
  65  6:59  Supply Depot  
  70  7:08  SCV x2  
  72  7:11  Refinery  
  72  7:13  Marauder  
  74  7:20  SCV x2  
  76  7:25  Missile Turret  
  76  7:26  Supply Depot  
  76  7:27  Supply Depot  
  76  7:32  SCV x2  
  78  7:51  Marine x2  
  80  7:52  Marauder x2  
  80  7:54  Barracks Tech Lab  
  80  7:56  Barracks, Orbital Command  
  84  8:01  Supply Depot  
  84  8:02  SCV x2  
  84  8:05  Terran Infantry Armor Level 1  
  86  8:06  Siege Tank  
  86  8:08  Concussive Shells  
  86  8:09  Marine  
  86  8:11  Combat Shield  
  90  8:13  Marauder  
  90  8:14  SCV x2  
  94  8:24  Supply Depot  
  94  8:26  Supply Depot, SCV x2  
  96  8:33  SCV  
  97  8:38  Armory, SCV x2  
  97  8:39  Missile Turret  
  99  8:45  SCV, Barracks Tech Lab  
  99  8:46  Armory  
  100  8:50  Ghost Academy, SCV x2  
  100  8:53  Refinery  
  100  8:55  Refinery  
  102  8:56  Command Center  
  102  8:57  SCV  
  77  9:02  Medivac  
  103  9:03  Medivac  
  107  9:22  Engineering Bay  
  107  9:26  Marine x3, Marauder x2  
  107  9:27  Marauder  
  116  9:44  Marine x2, Marauder  
  120  9:47  Marine x2  
  120  9:48  Marauder  
  124  10:01  Marine  
  124  10:02  Marine  
  124  10:06  Marauder x3  
  132  10:09  Marine  
Show
View Real Time Build Order
Export as new Build Order

PureLegacy Terran - Winner!

Build Orders: Gas First Reaper Expand 

Get SALT Encoding   

  12  0:01  SCV  
  13  0:17  SCV  
  13  0:19  Supply Depot  
  14  0:29  Refinery  
  14  0:32  SCV  
  15  0:44  SCV  
  15  0:48  Barracks  
  16  0:56  SCV  
  17  1:09  SCV  
  18  1:21  SCV  
  19  1:36  Reaper  
  19  1:37  Orbital Command  
  20  1:49  Command Center  
  20  1:58  Supply Depot  
  20  2:03  SCV  
  20  2:08  Barracks  
  21  2:14  Barracks Reactor  
  21  2:18  Barracks  
  21  2:20  SCV  
  22  2:27  Bunker  
  22  2:32  SCV  
  23  2:41  Supply Depot  
  24  2:44  SCV  
  24  2:51  Marine x2  
  24  2:56  SCV  
  27  3:06  Orbital Command  
  27  3:07  Barracks Tech Lab  
  27  3:08  Refinery, Marine  
  28  3:17  Marine x2  
  28  3:19  SCV  
  31  3:25  Marine  
  31  3:26  Marine  
  33  3:32  SCV  
  33  3:33  SCV  
  35  3:35  Marine x2, Stimpack  
  37  3:46  Marine  
  37  3:47  Marine  
  39  3:48  SCV  
  39  3:49  SCV  
  39  3:50  Factory  
  40  4:00  Engineering Bay, SCV  
  40  4:01  SCV  
  42  4:02  Marine x2  
  44  4:12  SCV  
  44  4:13  SCV  
  44  4:14  Marine x2  
  48  4:24  SCV  
  48  4:25  SCV  
  48  4:26  Terran Infantry Weapons Level 1  
  48  4:27  Supply Depot  
  50  4:35  Factory Reactor, Starport  
  50  4:36  SCV  
  50  4:37  SCV  
  52  4:39  Marine x2  
  52  4:43  Supply Depot  
  54  4:45  Supply Depot  
  54  4:48  Marine  
  54  4:49  SCV  
  54  4:52  Barracks Reactor  
  56  4:54  SCV  
  56  4:58  Barracks  
  57  5:00  Refinery x2, Barracks  
  57  5:01  SCV  
  57  5:06  SCV  
  59  5:09  Supply Depot  
  59  5:13  SCV  
  60  5:17  Factory Tech Lab  
  60  5:19  Medivac  
  60  5:20  Medivac  
  64  5:22  SCV  
  64  5:25  SCV  
  64  5:27  Supply Depot  
  66  5:31  Marine x5  
  66  5:34  SCV  
  72  5:37  SCV  
  72  5:40  Missile Turret x2  
  73  5:43  Combat Shield  
  73  5:47  Siege Tank  
  72  6:01  Barracks Reactor x2  
  72  6:02  SCV x2  
  72  6:10  Marine x4  
  73  6:14  SCV  
  73  6:16  Supply Depot  
  74  6:21  Marine  
  75  6:28  Marine x4, Siege Tank  
  75  6:31  Medivac, Supply Depot  
  84  6:33  Medivac  
  84  6:38  Marine x4  
  84  6:39  Marine  
  91  6:45  Marine, SCV  
  89  6:48  Marine  
  89  6:49  Marine x2  
  89  6:50  SCV  
  93  6:59  SCV  
  93  7:00  Marine x2  
  93  7:01  Marine x2  
  98  7:02  Terran Infantry Armor Level 1, SCV  
  99  7:10  Supply Depot  
  89  7:27  Medivac x2, Marine x3  
  89  7:28  Marine x5  
  89  7:29  Marine  
  92  7:34  Supply Depot  
  92  7:45  Marine x2  
  94  7:51  Armory  
  94  7:53  Engineering Bay  
  94  7:59  SCV x2  
  94  8:03  Command Center  
  96  8:11  Marine x6  
  102  8:21  SCV x2  
  102  8:27  Medivac x2  
  108  8:37  Marine x3  
  108  8:38  Marine x3  
  108  8:39  Marauder  
  113  8:45  Marine  
  111  8:55  Marine  
  109  8:58  SCV x2  
  112  9:08  Medivac x2, Marine  
  112  9:09  Marine x4  
  121  9:10  Marauder, Concussive Shells  
  118  9:17  Barracks  
  118  9:22  Barracks, Orbital Command  
  102  9:40  Marine x4  
  102  9:41  Marine x2  
  102  9:42  Marauder x2  
  102  9:43  SCV x2  
  110  9:46  Sensor Tower  
  110  9:48  SCV  
  115  9:58  Supply Depot  
  115  9:59  SCV  
  117  10:00  SCV x2  
  117  10:04  Marauder x2  
  117  10:05  Marine x4  
  117  10:06  Marine x4  
  126  10:09  Supply Depot  
  126  10:12  Supply Depot  
  124  10:18  Barracks Tech Lab  
Tags
 
Add a new tag
Caveats
  • Supply blocks, unpowered buildings, or Contaminate may cause inaccurate times.
  • Supply counts are checked every 10 seconds.